[Event "ICC tourney 1983 (45 10)"]
[Site "Internet Chess Club"]
[Date "2020.08.29"]
[Round "3"]
[White "MysteryHunter"]
[Black "chesslin"]
[Result "1/2-1/2"]
[ICCResult "Game drawn by mutual agreement"]
[WhiteElo "1700"]
[BlackElo "1917"]
[Opening "Pirc: classical (two knights) system"]
[ECO "B06"]
[NIC "PU.10"]
[Time "16:02:13"]
[TimeControl "2700+10"]

1. e4 g6 2. d4 Bg7 3. Nf3 d6 4. Nc3 Nf6 5. Bd3 O-O 6. O-O Na6 7. a3 c5 8.
Bxa6 cxd4 9. Nxd4 bxa6 10. Re1 Bd7 11. f3 Qb6 12. Kh1 Ng4 13. fxg4 Qxd4 14.
h3 Bc6 15. Qxd4 Bxd4 16. Nd5 Bxd5 17. exd5 Be5 18. c3 Rfc8 19. Be3 Rc4 20.
Rad1 Rb8 21. Re2 Rb7 22. Bf2 a5 23. Rde1 f6 24. Be3 a6 25. Rd1 Re4 26. Rdd2
Kf7 27. Bf2 Rc4 28. Rc2 g5 29. Rcd2 Kg6 30. Rc2 h5 31. gxh5+ Kxh5 32. g4+
Kg6 33. Kg2 Rb8 34. Rc1 Rb5 35. Rd1 Rc7 36. Bg3 Rcb7 37. Rdd2 Rc5 38. Bf2
Rcb5 39. Bg3 Rc7 40. Bf2 Rc4 41. Bg1 Rb8 42. Bf2 Rh8 43. Bg3 Rh7 44. Rd1 Rh8
45. Rdd2 Rb8 46. Bf2 {Game drawn by mutual agreement} 1/2-1/2

[Event "ICC tourney 1983 (45 10)"]
[Site "Internet Chess Club"]
[Date "2020.08.29"]
[Round "3"]
[White "EsatERGIN"]
[Black "tcao"]
[Result "1-0"]
[ICCResult "Black resigns"]
[WhiteElo "2016"]
[BlackElo "1819"]
[Opening "French: exchange variation"]
[ECO "C01"]
[NIC "FR.01"]
[Time "16:02:17"]
[TimeControl "2700+10"]

1. e4 e6 2. d4 d5 3. exd5 exd5 4. Bd3 c5 5. dxc5 Bxc5 6. Nf3 Nf6 7. O-O O-O
8. Nc3 Nc6 9. Bg5 h6 10. Bxf6 Qxf6 11. Nxd5 Qxb2 12. Qe2 Nd4 13. Nxd4 Qxd4
14. c4 Bd7 15. Qc2 Bc6 16. Rad1 Qg4 17. Be4 Rfe8 18. Bf3 Qg6 19. Qxg6 fxg6
20. Nc7 Bxf3 21. gxf3 b6 22. Nxa8 Rxa8 23. Rfe1 Rf8 24. Kg2 g5 25. h3 Kh7
26. Rd7 a5 27. Re6 Rf7 28. Rxf7 {Black resigns} 1-0

[Event "ICC tourney 1983 (45 10)"]
[Site "Internet Chess Club"]
[Date "2020.08.29"]
[Round "3"]
[White "chessmilano"]
[Black "SparkyNinja"]
[Result "0-1"]
[ICCResult "White resigns"]
[WhiteElo "1625"]
[BlackElo "1369"]
[Opening "Queen's pawn: London system"]
[ECO "A45"]
[NIC "QP.07"]
[Time "16:02:22"]
[TimeControl "2700+10"]

1. d4 Nf6 2. Bf4 e6 3. e3 d5 4. Nf3 Be7 5. h3 O-O 6. Bd3 c5 7. O-O c4 8. Be2
Nc6 9. a4 Ne4 10. Nbd2 c3 11. Nxe4 dxe4 12. Ne5 cxb2 13. Ra2 Nxe5 14. Bxe5
f6 15. Bg3 g5 16. Rxb2 f5 17. Be5 b6 18. c4 Bb7 19. Qb3 f4 20. Bg4 Qd7 21.
c5 Bd5 22. Qb5 Qxb5 23. Rxb5 bxc5 24. dxc5 fxe3 25. c6 Bc4 26. Rb2 exf2+ 27.
Kh2 e3 28. Be2 Bxe2 29. Rxe2 Bc5 30. Rc2 Rac8 31. c7 Bb6 32. Re2 Rf5 33. a5
Rxe5 34. axb6 axb6 35. Rc1 Rc5 36. Rb1 R8xc7 {White resigns} 0-1

[Event "ICC tourney 1983 (45 10)"]
[Site "Internet Chess Club"]
[Date "2020.08.29"]
[Round "3"]
[White "wangfang75"]
[Black "erumaimadugod"]
[Result "1-0"]
[ICCResult "Black resigns"]
[WhiteElo "1903"]
[BlackElo "1768"]
[Opening "Ruy Lopez: Morphy defense"]
[ECO "C77"]
[NIC "RL.12"]
[Time "16:02:29"]
[TimeControl "2700+10"]

1. e4 e5 2. Nf3 Nc6 3. Bb5 a6 4. Ba4 Nf6 5. c3 b5 6. Bc2 Bc5 7. O-O d5 8.
exd5 Qxd5 9. Bb3 Qd6 10. a4 Bb7 11. Qe2 O-O 12. axb5 axb5 13. Rxa8 Rxa8 14.
Ng5 Nd5 15. Qh5 Na5 16. Qxh7+ Kf8 17. Bxd5 Qxd5 18. Nf3 Nb3 19. d4 Nxc1 20.
Rxc1 exd4 21. cxd4 Bxd4 22. Qh8+ Ke7 23. Qh4+ Bf6 24. Qb4+ Ke8 25. Na3 Ra4
26. Re1+ Kd7 27. Qf8 Bxb2 28. Qe8+ Kd6 29. Nxb5+ Kc5 30. Nxc7 Qb3 31. Qe7+
Kb6 32. Qd6+ Ka7 33. Qc5+ Kb8 34. Re8+ Bc8 35. Na6+ Kb7 36. Qxc8+ Kb6 37.
Qb8+ Kxa6 38. Qxb3 Ra1+ 39. Ne1 {Black resigns} 1-0

[Event "ICC tourney 1983 (45 10)"]
[Site "Internet Chess Club"]
[Date "2020.08.29"]
[Round "3"]
[White "OctopusYule"]
[Black "Niteshc"]
[Result "1-0"]
[ICCResult "Black checkmated"]
[WhiteElo "1802"]
[BlackElo "1565"]
[Opening "Caro-Kann: Tartakower (Nimzovich) variation"]
[ECO "B15"]
[NIC "CK.06"]
[Time "16:02:24"]
[TimeControl "2700+10"]

1. e4 c6 2. d4 d5 3. Nc3 dxe4 4. Nxe4 Nf6 5. Nxf6+ exf6 6. Nf3 Bd6 7. Be2
O-O 8. O-O Bg4 9. Be3 Qc7 10. h3 Bh5 11. c3 Nd7 12. Re1 Nb6 13. Nh4 Bxe2 14.
Rxe2 Nd5 15. Qc2 Nf4 16. Bxf4 Bxf4 17. Rae1 Bd6 18. Nf5 c5 19. d5 Qd7 20.
Nxd6 Qxd6 21. c4 b5 22. b3 bxc4 23. bxc4 a5 24. Qe4 Ra7 25. Qe8 Ra8 26. Qe7
Qb6 27. Rd1 g6 28. Ree1 Qb4 29. d6 Rad8 30. Qxf6 Qxc4 31. d7 Qc2 32. Rd6
Qxa2 33. g3 c4 34. Qxd8 Rxd8 35. Re8+ Kg7 36. Rxd8 Qb1+ 37. Kh2 Qe1 38. Rg8+
Kh6 39. Rf6 c3 40. d8=Q c2 41. Rfxg6+ hxg6 42. Qh4# {Black checkmated} 1-0

[Event "ICC tourney 1983 (45 10)"]
[Site "Internet Chess Club"]
[Date "2020.08.29"]
[Round "3"]
[White "whyyoutrysohard"]
[Black "vishalanil"]
[Result "1-0"]
[ICCResult "Black resigns"]
[WhiteElo "1647"]
[BlackElo "1822"]
[Opening "Catalan: closed, 5.Nf3"]
[ECO "E08"]
[NIC "CA.04"]
[Time "16:02:12"]
[TimeControl "2700+10"]

1. d4 Nf6 2. c4 e6 3. g3 d5 4. Nf3 Be7 5. Bg2 O-O 6. O-O c6 7. Qc2 Nbd7 8.
Rd1 b6 9. Nbd2 Ba6 10. b3 Rc8 11. e4 dxe4 12. Nxe4 Qc7 13. Bf4 Qb7 14. Nd6
Bxd6 15. Bxd6 Rfe8 16. c5 Nd5 17. a3 f6 18. b4 Nf8 19. Nd2 Rcd8 20. Nc4 Bxc4
21. Qxc4 b5 22. Qb3 Ng6 23. Be4 Qd7 24. Qc2 f5 25. Bg2 Nh8 26. Bxd5 exd5 27.
Be5 Nf7 28. f4 Nh6 29. a4 a6 30. Ra3 Qf7 31. h3 Rd7 32. Rda1 Qg6 33. Qf2 Nf7
34. Kh2 Nxe5 35. fxe5 Qe6 36. axb5 axb5 37. Rf3 g6 38. Rf1 Rdd8 39. g4 Rf8
40. gxf5 gxf5 41. Rxf5 Rxf5 42. Qxf5 Qe7 43. Qf6 Qxf6 44. Rxf6 {Black
resigns} 1-0

[Event "ICC tourney 1983 (45 10)"]
[Site "Internet Chess Club"]
[Date "2020.08.29"]
[Round "3"]
[White "clair"]
[Black "buckleyoh"]
[Result "1/2-1/2"]
[ICCResult "Game drawn by mutual agreement"]
[WhiteElo "1716"]
[BlackElo "1513"]
[Opening "Queen's pawn: London system"]
[ECO "A45"]
[NIC "QP.07"]
[Time "16:02:22"]
[TimeControl "2700+10"]

1. d4 Nf6 2. Bf4 c5 3. e3 Qb6 4. Nc3 d6 5. dxc5 dxc5 6. Nb5 Na6 7. Nf3 Bg4
8. h3 Rd8 9. Qc1 Bxf3 10. gxf3 Nd5 11. Bh2 Nac7 12. a4 a6 13. a5 Qc6 14.
Nxc7+ Nxc7 15. Bg2 Qb5 16. c4 Qb4+ 17. Qc3 Qxc3+ 18. bxc3 Ne6 19. f4 Rd7 20.
Rb1 Nd8 21. O-O g6 22. Rfd1 Rxd1+ 23. Rxd1 Bg7 24. Rb1 Bxc3 25. Bxb7 Bxa5
26. Bxa6 O-O 27. Rb5 Bb4 28. Rb8 Nc6 29. Rxf8+ Kxf8 30. Bb5 Na7 31. Bd7 e6
32. e4 Ke7 33. Ba4 Nc8 34. f3 Nd6 35. Bb3 f5 36. e5 Nb7 37. Bg3 Na5 38. Bh4+
Kf7 39. Ba2 Nc6 40. Kf2 Nd4 41. Ke3 Ba3 42. Bg3 Bc1+ 43. Kd3 Nxf3 44. Bb3
Nd4 45. Ba4 Ba3 46. Bf2 Bc1 47. Bxd4 cxd4 48. Kxd4 Bxf4 49. c5 Ke7 50. Bb5
Kd8 51. Bc4 Kd7 52. Bb5+ Kc7 53. Bc4 Kd7 {Game drawn by mutual agreement}
1/2-1/2

[Event "ICC tourney 1983 (45 10)"]
[Site "Internet Chess Club"]
[Date "2020.08.29"]
[Round "3"]
[White "Zwish"]
[Black "Jonjons"]
[Result "0-1"]
[ICCResult "White resigns"]
[WhiteElo "1929"]
[BlackElo "1754"]
[Opening "Anderssen's opening"]
[ECO "A00"]
[NIC "VO.14"]
[Time "16:02:09"]
[TimeControl "2700+10"]

1. a3 d5 2. Nf3 Nf6 3. c4 c6 4. e3 Bg4 5. Be2 Nbd7 6. b3 Qc7 7. Bb2 e5 8.
Nc3 e4 9. Nd4 Bxe2 10. Ndxe2 Ne5 11. Nc1 a6 12. d3 dxc4 13. Nxe4 Nxe4 14.
dxe4 Rd8 15. Qh5 Qa5+ 16. Kf1 c3 17. Rb1 c2 18. Bxe5 Qb5+ {White resigns}
0-1

[Event "ICC tourney 1983 (45 10)"]
[Site "Internet Chess Club"]
[Date "2020.08.29"]
[Round "3"]
[White "pawnpush202044"]
[Black "imranchamp"]
[Result "0-1"]
[ICCResult "White resigns"]
[WhiteElo "1836"]
[BlackElo "1694"]
[Opening "Benkö gambit accepted"]
[ECO "A58"]
[NIC "BI.45"]
[Time "16:02:18"]
[TimeControl "2700+10"]

1. c4 Nf6 2. d4 c5 3. d5 b5 4. cxb5 a6 5. bxa6 g6 6. Nc3 Bg7 7. e4 d6 8. Nf3
O-O 9. Be2 Qa5 10. O-O Bxa6 11. Bd2 Bxe2 12. Qxe2 Qa6 13. Rfe1 Nbd7 14. a3
Rfb8 15. Rab1 Ng4 16. Qxa6 Rxa6 17. Rec1 Nge5 18. Nxe5 Nxe5 19. b4 cxb4 20.
Rxb4 Rba8 21. Rcb1 Rxa3 22. h3 f5 23. Nb5 Ra2 24. Nc7 Rc8 25. Rb8 Rxb8 26.
Rxb8+ Kf7 27. Bg5 h6 28. Bf4 g5 29. Be3 f4 30. Bb6 Nd7 31. Ra8 Rc2 32. Ba5
Bd4 33. Ne6 Rc1+ {White resigns} 0-1

[Event "ICC tourney 1983 (45 10)"]
[Site "Internet Chess Club"]
[Date "2020.08.29"]
[Round "3"]
[White "orwind"]
[Black "danaglin"]
[Result "1/2-1/2"]
[ICCResult "Game drawn by mutual agreement"]
[WhiteElo "1311"]
[BlackElo "1621"]
[Opening "French: advance, Paulsen attack"]
[ECO "C02"]
[NIC "FR.03"]
[Time "16:02:13"]
[TimeControl "2700+10"]

1. e4 e6 2. d4 d5 3. e5 c5 4. c3 Nc6 5. Nf3 Qb6 6. Be2 f6 7. O-O cxd4 8.
cxd4 fxe5 9. dxe5 Bc5 10. Nc3 Qc7 11. Bf4 Nge7 12. Nb5 Qd8 13. Rc1 O-O 14.
Bg3 Bb6 15. Nd6 Nf5 16. Nxf5 Rxf5 17. Bd3 Rf8 18. Bh4 Qe8 19. Qc2 h6 20. Bg6
Qd7 21. Bh7+ Kh8 22. Bg3 Nd4 23. Nxd4 Bxd4 24. Bg6 a5 25. b3 b6 26. Qc7 Bc5
27. Qxd7 Bxd7 28. Rc2 Be8 29. Bxe8 Raxe8 30. Rfc1 Rf5 31. Kf1 g5 32. f3 g4
33. Ke2 gxf3+ 34. gxf3 Ref8 35. f4 h5 36. Rf1 h4 37. Bxh4 Rxf4 38. Bf6+
R4xf6 39. Rxf6 Rxf6 40. exf6 Kg8 41. Kd3 Kf7 42. h4 Kxf6 43. Rg2 e5 44. h5
e4+ 45. Ke2 Bf8 46. Rg6+ Kf5 47. Rxb6 d4 48. Rb5+ Kf4 49. Rxa5 d3+ 50. Kd1
e3 51. Ra4+ Kf3 52. Rh4 Bh6 53. Rh3+ Kg2 54. Rxe3 Bxe3 55. a4 Kf3 56. b4 Ke4
57. b5 Kd5 58. a5 Kd6 59. b6 Kc6 60. Ke1 d2+ 61. Kd1 Kb7
{Game drawn by mutual agreement}
1/2-1/2

[Event "ICC tourney 1983 (45 10)"]
[Site "Internet Chess Club"]
[Date "2020.08.29"]
[Round "3"]
[White "saanvit"]
[Black "NonnaThat"]
[Result "0-1"]
[ICCResult "White checkmated"]
[WhiteElo "1756"]
[BlackElo "1938"]
[Opening "Sicilian: Canal-Sokolsky (Nimzovich-Rossolimo, Moscow) attack"]
[ECO "B51"]
[NIC "SI.01"]
[Time "16:02:25"]
[TimeControl "2700+10"]

1. e4 c5 2. Nf3 d6 3. Bb5+ Nd7 4. O-O Nf6 5. Re1 a6 6. Bxd7+ Bxd7 7. h3 g6
8. c3 Bg7 9. d4 O-O 10. Bf4 Rc8 11. Nbd2 b5 12. Nf1 Qb6 13. Qd2 Rfd8 14. Bh6
a5 15. Bxg7 Kxg7 16. Ne3 Nxe4 17. Nd5 Nxd2 18. Nxb6 Nxf3+ 19. gxf3 Rb8 20.
dxc5 dxc5 21. Nd5 Bxh3 22. Nf4 Bf5 23. Rxe7 Rd2 24. b3 Rc2 25. Ra7 Rxc3 26.
Kg2 b4 27. Re1 Rf8 28. Rxa5 Rc2 29. Nd5 Be6 30. Nf4 Bd7 31. Re7 Rd8 32. Ra7
Rd2 33. Re5 Rc8 34. Nd5 Re8 35. Rxe8 Bxe8 36. Nb6 Kf6 37. Nc4 Rc2 38. Ra5
Bd7 39. Ne3 Rd2 40. Rxc5 Rxa2 41. Rc4 Be6 42. Rxb4 h5 43. Nc4 Kg5 44. Rb5+
Kf4 45. Ne3 Rb2 46. b4 Rd2 47. Rb7 Rd4 48. b5 Rb4 49. b6 h4 50. Rb8 h3+ 51.
Kh2 Kxf3 52. b7 Kxf2 53. Nc2 Rb1 54. Nd4 Bg4 55. Nc6 Bf3 56. Nd8 Rh1#
{White checkmated}
0-1

[Event "ICC tourney 1983 (45 10)"]
[Site "Internet Chess Club"]
[Date "2020.08.29"]
[Round "3"]
[White "ScoutViolet"]
[Black "Samuel-Colt"]
[Result "0-1"]
[ICCResult "White forfeits on time"]
[WhiteElo "1558"]
[BlackElo "1793"]
[Opening "French: classical"]
[ECO "C13"]
[NIC "FR.06"]
[Time "16:02:23"]
[TimeControl "2700+10"]

1. e4 e6 2. d4 d5 3. Nc3 Nf6 4. Bg5 Be7 5. exd5 Nxd5 6. Bxe7 Qxe7 7. Nxd5
exd5+ 8. Qe2 Be6 9. Nf3 O-O 10. O-O-O a5 11. h3 c6 12. g4 Qc7 13. Qd2 Nd7
14. Bd3 c5 15. Ng5 Nf6 16. Nxe6 fxe6 17. g5 Nh5 18. g6 h6 19. Qe3 Nf4 20.
Kb1 c4 21. Be2 b5 22. a3 b4 23. a4 b3 24. cxb3 cxb3 25. Rc1 Qd7 26. Bb5 Qd6
27. Qxb3 Rf6 28. Rc6 Qf8 29. Rg1 Nxg6 30. Qe3 Nf4 31. Rc7 Rf7 32. Rxf7 Qxf7
33. Rg4 Rf8 34. Qc3 Qf5+ 35. Ka2 h5 36. Rg3 Rf6 37. Qxa5 e5 38. Qc7 Ne6 39.
Qxe5 Qxe5 40. dxe5 Rxf2 41. a5 Rf8 42. Bc6 Rd8 43. a6 Nc7 44. a7 Kf7 45. b4
d4 {White forfeits on time} 0-1

[Event "ICC tourney 1983 (45 10)"]
[Site "Internet Chess Club"]
[Date "2020.08.29"]
[Round "3"]
[White "ybabji"]
[Black "DLWarrior"]
[Result "1/2-1/2"]
[ICCResult "Game drawn by mutual agreement"]
[WhiteElo "1754"]
[BlackElo "1873"]
[Opening "French: exchange variation"]
[ECO "C01"]
[NIC "FR.01"]
[Time "16:02:20"]
[TimeControl "2700+10"]

1. e4 e6 2. d4 d5 3. exd5 exd5 4. Nc3 Nc6 5. Be3 Bb4 6. Ne2 Nge7 7. a3 Ba5
8. b4 Bb6 9. Ng3 O-O 10. Nce2 Nf5 11. Nxf5 Bxf5 12. c3 Re8 13. Ng3 Bg6 14.
Be2 Ne7 15. O-O Nc8 16. Bf3 c6 17. Re1 Nd6 18. Be2 a5 19. Qb3 Bc7 20. b5 a4
21. Qb2 Nxb5 22. Bxb5 cxb5 23. Qxb5 Re6 24. Qe2 Qd7 25. Qd2 Rae8 26. Rec1
Rb6 27. Ne2 Rb3 28. Nf4 Qd6 29. g3 Be4 30. Nd3 Qg6 31. Nc5 Qf5 32. Bf4 Ba5
33. Nxb3 axb3 34. Re1 Re6 35. Qb2 Bc2 36. Rec1 Qd3 37. Rxc2 bxc2 38. Rc1
Qd1+ 39. Kg2 Re1 40. h4 h6 41. Qxb7 Bxc3 42. Qxd5 Bxd4 43. Qd8+ Kh7 44. Qa5
Rg1+ 45. Kh2 g6 46. Qc7 Bg7 47. Qxc2 Rh1+ 48. Kg2 Rg1+
{Game drawn by mutual agreement}
1/2-1/2

[Event "ICC tourney 1983 (45 10)"]
[Site "Internet Chess Club"]
[Date "2020.08.29"]
[Round "3"]
[White "Torsten936"]
[Black "sanjayselvam"]
[Result "1/2-1/2"]
[ICCResult "Game drawn by mutual agreement"]
[WhiteElo "1764"]
[BlackElo "1905"]
[Opening "QGD Slav defense: exchange variation"]
[ECO "D10"]
[NIC "SL.01"]
[Time "16:02:19"]
[TimeControl "2700+10"]

1. d4 d5 2. c4 c6 3. cxd5 cxd5 4. Bf4 e6 5. Nf3 Nc6 6. e3 Nf6 7. Nc3 Bd6 8.
Bg3 O-O 9. Rc1 Re8 10. Bd3 Qe7 11. Bxd6 Qxd6 12. Nb5 Qb4+ 13. Qd2 Qxd2+ 14.
Kxd2 Rb8 15. a3 Re7 16. Rc2 a6 17. Nc3 Bd7 18. b4 g6 19. Rhc1 Rc8 20. Na4
Ne4+ 21. Bxe4 dxe4 22. Ne5 Be8 23. Nxc6 Bxc6 24. Nb6 Rd8 25. a4 e5 26. Rc4
f5 27. Ke1 exd4 28. Rxd4 Rde8 29. Rc5 Re6 30. b5 Bxb5 31. Nd5 Bc6 32. Nc7
Re5 33. Nxa6 Rxc5 34. Nxc5 Re5 35. Nb3 Kf7 36. Kd2 g5 37. g3 h5 38. Kc3 f4
39. Kb4 h4 40. Na5 Bd5 41. Nc4 Bxc4 42. Rxc4 Re7
{Game drawn by mutual agreement}
1/2-1/2

[Event "ICC tourney 1983 (45 10)"]
[Site "Internet Chess Club"]
[Date "2020.08.29"]
[Round "3"]
[White "fhunfi"]
[Black "chessboy2020"]
[Result "0-1"]
[ICCResult "White resigns"]
[WhiteElo "1756"]
[BlackElo "1656"]
[Opening "Vienna: Paulsen-Mieses variation"]
[ECO "C26"]
[NIC "VG.01"]
[Time "16:02:17"]
[TimeControl "2700+10"]

1. e4 e5 2. Nc3 Nf6 3. g3 d5 4. exd5 Nxd5 5. Bg2 Nxc3 6. bxc3 Bc5 7. Ne2 O-O
8. d4 exd4 9. cxd4 Bb6 10. O-O Nc6 11. c3 Bg4 12. Be3 Qd7 13. Re1 Rae8 14.
Qc2 h5 15. Nf4 h4 16. Nd5 h3 17. Bh1 Ne7 18. Nxe7+ Rxe7 19. Bf4 Rfe8 20. Qd2
Re2 21. Rxe2 Rxe2 22. Qd3 Qe6 23. Bd2 c6 24. Kf1 Qf6 25. Be1 c5 26. Bxb7
cxd4 27. c4 Ba5 28. f3 Re3 29. Qc2 Bxf3 30. Bxf3 Qxf3+ {White resigns} 0-1

[Event "ICC tourney 1983 (45 10)"]
[Site "Internet Chess Club"]
[Date "2020.08.29"]
[Round "3"]
[White "swegderp"]
[Black "che8642"]
[Result "1/2-1/2"]
[ICCResult "Game drawn by repetition"]
[WhiteElo "1663"]
[BlackElo "1482"]
[Opening "QGD Slav: 4.e3 Bf5"]
[ECO "D12"]
[NIC "SL.01"]
[Time "16:02:34"]
[TimeControl "2700+10"]

1. d4 d5 2. c4 c6 3. e3 Nf6 4. Nf3 Bf5 5. Nc3 e6 6. Be2 Nbd7 7. O-O Bd6 8.
cxd5 exd5 9. h3 O-O 10. Bd3 Ne4 11. Qc2 Ndf6 12. Ne5 Qe7 13. f4 Rae8 14. Rf3
h6 15. Bd2 Nxc3 16. Bxf5 Nce4 17. a3 Qc7 18. Ng4 Nxg4 19. hxg4 g6 20. Bxe4
Rxe4 21. Rc1 Qd7 22. Bb4 Bxb4 23. axb4 Qxg4 24. Qf2 Qf5 25. Qh4 h5 26. Qh3
Qxh3 27. Rxh3 Rfe8 28. Rc3 Kg7 29. Kf2 Kf6 30. Rh1 Kf5 31. g3 f6 32. Kf3 g5
33. Rxh5 Kg6 34. Rh1 g4+ 35. Kf2 f5 36. Rh4 a6 37. Ra3 Kg7 38. Rh5 Kg6 39.
Rg5+ Kf6 40. Rh5 Kg6 41. Rg5+ Kf6 42. Rh5 Kg6 43. Rg5+ Kf6 44. Rh5 Kg6 45.
Rg5+ {Game drawn by repetition} 1/2-1/2

[Event "ICC tourney 1983 (45 10)"]
[Site "Internet Chess Club"]
[Date "2020.08.29"]
[Round "3"]
[White "fascimate"]
[Black "gardemarin13"]
[Result "0-1"]
[ICCResult "White checkmated"]
[WhiteElo "1758"]
[BlackElo "1939"]
[Opening "Sicilian: Hungarian variation"]
[ECO "B27"]
[NIC "SI.43"]
[Time "16:04:45"]
[TimeControl "2700+10"]

1. e4 c5 2. Nf3 g6 3. d4 cxd4 4. Qxd4 Nf6 5. e5 Nc6 6. Qa4 Nd5 7. Qe4 Nb6 8.
Nc3 d5 9. exd6 Bf5 10. dxe7 Bxe7 11. Qe2 O-O 12. Be3 Bb4 13. Qd2 Qf6 14. Bd3
Nd5 15. a3 Nxe3 16. fxe3 Bxc3 17. Qxc3 Qe6 18. Bc4 Qe4 19. O-O-O Rac8 20.
Ng5 Qe7 21. Nxf7 Rxf7 22. Bxf7+ Qxf7 23. Rd2 Qa2 24. Qb3+ Qxb3 25. cxb3 Nd4+
26. Kd1 Nxb3 27. Ke2 Bg4+ 28. Kd3 Rd8+ 29. Kc3 Nxd2 30. h3 Ne4+ 31. Kc2 Be6
32. Rf1 Rd2+ 33. Kc1 Rxg2 34. Rd1 Bb3 35. Re1 Rc2+ 36. Kb1 Rh2 37. h4 Rxh4
38. Rc1 Rh2 39. Rc8+ Kg7 40. Rc7+ Kf6 41. Rc8 Rh1+ 42. Rc1 Nd2+ 43. Ka1
Rxc1# {White checkmated} 0-1

[Event "ICC tourney 1983 (45 10)"]
[Site "Internet Chess Club"]
[Date "2020.08.29"]
[Round "3"]
[White "CoastalJourney"]
[Black "rkanury1"]
[Result "1/2-1/2"]
[ICCResult "Game drawn by mutual agreement"]
[WhiteElo "1513"]
[BlackElo "1706"]
[Opening "QGD: Orthodox defense"]
[ECO "D60"]
[NIC "QO.12"]
[Time "16:02:22"]
[TimeControl "2700+10"]

1. d4 d5 2. c4 e6 3. Nc3 Nf6 4. Bg5 Be7 5. Nf3 Nbd7 6. e3 O-O 7. Be2 Re8 8.
O-O Nf8 9. Qb3 c6 10. Rad1 Ng6 11. Nh4 Nd7 12. Bxe7 Qxe7 13. Nxg6 hxg6 14.
Bf3 b6 15. Rfe1 Ba6 16. cxd5 cxd5 17. Be2 Bxe2 18. Nxe2 Rac8 19. Rc1 Nf6 20.
Ng3 Rc7 21. Rxc7 Qxc7 22. h3 Rc8 23. Qd1 Kf8 24. Qb3 Qc4 25. Qa3+ Ke8 26.
Qxa7 Qb4 27. Rf1 Qxb2 28. Qb7 Rd8 29. a4 Qb4 30. Rc1 Nd7 31. Qc6 Ke7 32. Qb5
Qa5 33. Qxa5 bxa5 34. Rc7 Ra8 35. Rb7 Ra6 36. Ne2 Kd6 37. Nc3 Kc6 38. Rb3
Nb6 39. Kf1 Nc4 40. Ke2 Rb6 41. Rxb6+ Nxb6 42. Kd3 f6 43. f3 g5
{Game drawn by mutual agreement}
1/2-1/2

[Event "ICC tourney 1983 (45 10)"]
[Site "Internet Chess Club"]
[Date "2020.08.29"]
[Round "4"]
[White "erumaimadugod"]
[Black "whyyoutrysohard"]
[Result "1-0"]
[ICCResult "Black resigns"]
[WhiteElo "1790"]
[BlackElo "1604"]
[Opening "Sicilian: closed, 2...Nc6"]
[ECO "B23"]
[NIC "SI.44"]
[Time "18:31:55"]
[TimeControl "2700+10"]

1. e4 c5 2. Nc3 Nc6 3. Bb5 Nd4 4. Bc4 e6 5. Nge2 Ne7 6. O-O d5 7. exd5 exd5
8. Nxd5 Nxd5 9. Nxd4 cxd4 10. Qh5 Be6 11. Re1 Be7 12. Rxe6 Nf6 13. Qb5+
{Black resigns}
1-0

[Event "ICC tourney 1983 (45 10)"]
[Site "Internet Chess Club"]
[Date "2020.08.29"]
[Round "4"]
[White "NonnaThat"]
[Black "wangfang75"]
[Result "1-0"]
[ICCResult "Black resigns"]
[WhiteElo "1930"]
[BlackElo "1855"]
[Opening "Ruy Lopez: Classical defense deferred"]
[ECO "C70"]
[NIC "RL.09"]
[Time "18:31:51"]
[TimeControl "2700+10"]

1. e4 e5 2. Nf3 Nc6 3. Bb5 a6 4. Ba4 Bc5 5. O-O b5 6. Bb3 d6 7. h3 Nf6 8.
Re1 O-O 9. c3 Bb6 10. d4 Bb7 11. Qd3 h6 12. Nbd2 Re8 13. d5 Ne7 14. Nf1 Ng6
15. Ng3 Nf4 16. Bxf4 exf4 17. Nf5 Nxe4 18. Rxe4 Qf6 19. Rxf4 Bc8 20. Bc2 Rd8
21. Ne7+ {Black resigns} 1-0

[Event "ICC tourney 1983 (45 10)"]
[Site "Internet Chess Club"]
[Date "2020.08.29"]
[Round "4"]
[White "che2468"]
[Black "lmperfectFocus"]
[Result "1-0"]
[ICCResult "Black checkmated"]
[WhiteElo "1515"]
[BlackElo "1593"]
[Opening "Queen's pawn: Chigorin variation"]
[ECO "D00"]
[NIC "QP.08"]
[Time "18:31:43"]
[TimeControl "2700+10"]

1. d4 d5 2. Nc3 Nf6 3. Bf4 c5 4. e3 Nc6 5. Nb5 e5 6. Bxe5 Nxe5 7. dxe5 Ne4
8. Qxd5 Bd7 9. Bc4 Ng5 10. Nf3 Nxf3+ 11. Qxf3 f6 12. exf6 gxf6 13. Qh5+ Ke7
14. Qf7# {Black checkmated} 1-0

[Event "ICC tourney 1983 (45 10)"]
[Site "Internet Chess Club"]
[Date "2020.08.29"]
[Round "4"]
[White "AJ2000"]
[Black "GreatAlexanderK"]
[Result "1-0"]
[ICCResult "Black resigns"]
[WhiteElo "1721"]
[BlackElo "1577"]
[Opening "Ruy Lopez: 5.O-O"]
[ECO "C78"]
[NIC "RL.12"]
[Time "18:31:48"]
[TimeControl "2700+10"]

1. e4 e5 2. Nf3 Nc6 3. Bb5 a6 4. Ba4 Nf6 5. O-O b5 6. Bb3 Bc5 7. c3 Be7 8.
Re1 O-O 9. d4 d6 10. Nbd2 Bg4 11. h3 Bh5 12. d5 Na5 13. Bc2 Rc8 14. Nf1 Nb7
15. Ng3 Bg6 16. a4 c6 17. dxc6 Rxc6 18. Bd3 Nc5 19. axb5 Nxd3 20. Qxd3 axb5
21. Qxb5 Rc5 22. Qe2 Qb6 23. Be3 {Black resigns} 1-0

[Event "ICC tourney 1983 (45 10)"]
[Site "Internet Chess Club"]
[Date "2020.08.29"]
[Round "4"]
[White "buckleyoh"]
[Black "pawnpush202044"]
[Result "0-1"]
[ICCResult "White resigns"]
[WhiteElo "1450"]
[BlackElo "1867"]
[Opening "Sicilian: Najdorf"]
[ECO "B90"]
[NIC "SI.14"]
[Time "18:32:02"]
[TimeControl "2700+10"]

1. e4 c5 2. Nf3 d6 3. d4 cxd4 4. Nxd4 Nf6 5. Nc3 a6 6. f3 e5 7. Nb3 Be6 8.
Bg5 Be7 9. Qd2 Nbd7 10. O-O-O b5 11. Be3 Qc7 12. g4 Nb6 13. g5 Nh5 14. Ne2
Nc4 15. Qc3 b4 16. Qd3 Rc8 17. Kb1 Nxe3 18. Qxe3 Qxc2+ {White resigns} 0-1

[Event "ICC tourney 1983 (45 10)"]
[Site "Internet Chess Club"]
[Date "2020.08.29"]
[Round "4"]
[White "tcao"]
[Black "saanvit"]
[Result "1-0"]
[ICCResult "Black checkmated"]
[WhiteElo "1869"]
[BlackElo "1735"]
[Opening "French: classical, Steinitz variation"]
[ECO "C14"]
[NIC "FR.06"]
[Time "18:31:39"]
[TimeControl "2700+10"]

1. e4 e6 2. d4 d5 3. Nc3 Nf6 4. Bg5 Be7 5. e5 Nfd7 6. Bxe7 Qxe7 7. f4 c5 8.
Nb5 cxd4 9. Nc7+ Kf8 10. Nxa8 Nxe5 11. fxe5 Qh4+ 12. g3 Qe4+ 13. Qe2 Qxh1
14. Nf3 Nc6 15. O-O-O Nxe5 16. Qxe5 Qxf3 17. Qd6+ Ke8 18. Nc7#
{Black checkmated}
1-0

[Event "ICC tourney 1983 (45 10)"]
[Site "Internet Chess Club"]
[Date "2020.08.29"]
[Round "4"]
[White "DanielA1926"]
[Black "michaelxiao"]
[Result "1-0"]
[ICCResult "Black checkmated"]
[WhiteElo "1512"]
[BlackElo "1353"]
[Opening "QGD: Ragozin variation"]
[ECO "D38"]
[NIC "NI.27"]
[Time "18:31:40"]
[TimeControl "2700+10"]

1. d4 d5 2. Nf3 Nf6 3. c4 e6 4. Nc3 Bb4 5. e3 Ne4 6. Qc2 c5 7. Bd3 cxd4 8.
exd4 Nxc3 9. bxc3 Be7 10. O-O dxc4 11. Bxc4 b6 12. Qe4 Bb7 13. Qxb7 Nd7 14.
Bb5 Rc8 15. Bxd7+ Qxd7 16. Qxd7+ Kxd7 17. Ne5+ Ke8 18. Be3 f6 19. Nf3 Kf7
20. Rac1 Rc6 21. Rfd1 Rhc8 22. Bd2 Ba3 23. Rc2 b5 24. Be1 b4 25. Rd3 a5 26.
d5 exd5 27. Rxd5 Rxc3 28. Bxc3 Rxc3 29. Rxc3 bxc3 30. Rd7+ Ke6 31. Rc7 Bb4
32. a3 Kd5 33. Kf1 Ke4 34. Ke2 Bxa3 35. Rxc3 Bb4 36. Rc7 a4 37. Rc4+ Kd5 38.
Rxb4 a3 39. Ra4 a2 40. Rxa2 Ke6 41. Ra7 Kf5 42. Ke3 Kg6 43. Nh4+ Kg5 44.
Rxg7+ Kxh4 45. Kf4 Kh5 46. Kf5 Kh6 47. Rf7 Kh5 48. Rxh7# {Black checkmated}
1-0